AoeStats
← ForeverNoob

Arabia

510373045Analyzed
1v1 RM · 1d ago on Sep 30, 2026· 33m 9s· 2 players
Game mode
Random Map
Map size
Tiny (2 player)
Population
200
Speed
Normal
Resources
Standard
Victory
Conquest
Starting age
Dark Age
Ending age
Imperial Age
RankedLock teamsTeams togetherTeam positionsShared explorationLock speedFull tech treeHidden civsTurbo modeCheats
Victory
Defeat
🇺🇸 Shu · United States
1656
+19
🇬🇧 Ethiopians · United Kingdom
1731
-19
ForeverNoob
7:11 Loom
9:30 Feudal Age
15:29 Double-Bit Axe
17:17 Fletching
18:13 Padded Archer Armor
18:56 Horse Collar
21:11 Wheelbarrow
26:33 Castle Age
26:06 Scale Barding Armor
26:37 Gold Mining
26:47 Crossbowman
27:23 Bodkin Arrow
28:50 Husbandry
29:02 Forging
31:57 Chain Barding Armor
33:20 Bow Saw
AkaP
8:45 Feudal Age
9:18 Double-Bit Axe
10:52 Loom
16:29 Fletching
17:54 Padded Archer Armor
19:10 Horse Collar
23:13 Wheelbarrow
28:01 Castle Age
26:34 Gold Mining
28:57 Crossbowman
31:05 Bodkin Arrow
32:41 Leather Archer Armor
32:22 Elite Skirmisher
Connection lost

Rejoining the realm…

Still unreachable

The connection could not be restored.

Session expired

The server has moved on; the page needs a fresh start.